 Dungeon Crawl Stone Soup version 0.30.0-29-ga12c61a403 (webtiles) character file.

Game seed: 10099241100405765610

516 hawla the Firebug (level 7, 0/53 HPs)
             Began as a Meteoran Fire Elementalist on June 4, 2023.
             Slain by an iguana (4 damage)
             ... summoned by a kobold
             ... on level 4 of the Dungeon.
             The game lasted 00:05:34 (1258 turns).

hawla the Firebug (Meteoran Fire Elementalist)      Turns: 1258, Time: 00:05:35

Health: 0/53       AC:  2    Str: 10    XL:     7   Next: 73%
Magic:  7/15       EV: 13    Int: 18    God:
Gold:   201        SH:  0    Dex: 15    Spells: 8/15 levels left

rFire   . . .        h - +1 mace (heavy)
rCold   . . .        (no shield)
rNeg    . . .        a - +0 robe
rPois   .            (no helmet)
rElec   .            (no cloak)
rCorr   .            (no gloves)
SInv    .            (no boots)
Will    .....        (no amulet)
Stlth   +            (no ring)
HPRegen 0.28/turn    (no ring)
MPRegen 0.14/turn

%: no passive effects
@: glowing
A: sense surroundings 1, otherworldly, glowing, explore regen
a: no special abilities


You were on level 4 of the Dungeon.
You visited 1 branch of the dungeon, and saw 4 of its levels.

You collected 201 gold pieces.

Inventory:

Hand Weapons
 h - a +1 heavy mace (weapon)
Armour
 a - a +0 robe (worn)
Wands
 m - a wand of charming (14)
Scrolls
 c - 3 scrolls of amnesia {unknown}
 d - a scroll of enchant weapon {unknown}
 f - a scroll of identify {unknown}
 i - a scroll of fear {unknown}
 j - 2 scrolls of teleportation {unknown}
 k - 2 scrolls of summoning
Potions
 b - 2 potions of magic
 e - a potion of attraction {unknown}
 g - a potion of brilliance {unknown}
 l - a potion of curing {unknown}


   Skills:
 + Level 1.8 Fighting
 + Level 0.8 Maces & Flails
 + Level 3.2 Dodging
 - Level 1.4 Stealth
 + Level 4.7 Spellcasting
 + Level 5.6 Conjurations
 + Level 5.7 Fire Magic


You had 8 spell levels left.
You knew the following spells:

 Your Spells              Type           Power      Damage    Failure   Level
a - Foxfire               Conj/Fire      96%        2x1d8     1%          1
b - Scorch                Fire           48%        2d7       1%          2
c - Flame Wave            Conj/Fire      24%        2d8       13%         4

Your spell library contained the following spells:

 Spells                   Type           Power      Damage    Failure   Level
 Shock                    Conj/Air       56%        1d6       4%          1
 Inner Flame              Hex/Fire       14%        N/A       13%         3
 Volatile Blastmotes      Fire/Tloc      28%        2d12      13%         3
 Beastly Appendage        Tmut           8%         N/A       14%         1
 Wereblood                Tmut           4%         N/A       21%         2
 Spider Form              Tmut/Pois      4%         N/A       38%         3
 Swiftness                Air            4%         N/A       38%         3
 Airstrike                Air            2%         2d(1-17)  80%         4


Dungeon Overview and Level Annotations

Branches:
Dungeon (4/15) Zot: 1114
 Temple: D:4-7

Altars:
Cheibriados
Gozag

Annotations:
D:4 Blork the orc


Innate Abilities, Weirdness & Mutations

You passively map a small area around you.
You are easily found by Zot.
You glow in the dark.
You regain HP and MP as you explore.


Message History

Your hobgoblin dies!
Your hobgoblin's corpse dissolves into shadows!
The orc warrior misses you. The iguana bites your hobgoblin!
Your hobgoblin dies!
Your hobgoblin's corpse dissolves into shadows!
Casting: Foxfire (safe; 1% risk of failure)
Confirm with . or Enter, or press ? or * to list all spells.
Flames lash the orc warrior.
The orc warrior is lightly wounded.
The orc warrior's fire resistance burns away.
Your jackal bites the goblin.
Your jackal bites Blork the orc.
Blork the orc casts a cantrip, but nothing happens.
The quokka closely misses you.
The orc warrior hits you from afar with a +3 glaive!
The scorpion closely misses your jackal.
The goblin closely misses you.
Your jackal closely misses Blork the orc.
Your jackal closely misses the goblin.
Blork the orc barely misses you.
Blork the orc closely misses your jackal.
You barely miss Blork the orc.
Blork the orc is almost dead.
The quokka bites you.
Blork the orc hits you with a +0 battleaxe!
* * * LOW HITPOINT WARNING * * *
Blork the orc closely misses your jackal.
Your jackal bites the goblin.
The goblin dies!
The goblin's corpse dissolves into shadows!
Your jackal barely misses Blork the orc.
The scorpion closely misses your jackal.
The orc warrior closely misses you. The quokka bites you.
* * * LOW HITPOINT WARNING * * *
Blork the orc looks encouraged for a moment.
Your jackal barely misses the iguana.
Your jackal bites Blork the orc but does no damage.
The scorpion stings your jackal.
The orc warrior hits you from afar with a +3 glaive.
* * * LOW HITPOINT WARNING * * *
The quokka barely misses you. The iguana bites you.
You die...

** , * *
....# ,
.o..# ,#,
#.#.# * *#.
#J#.#
#.##.#.## *
####...Ko..#
*
.....srl#..#
*
*#...h@oh.#
* #.####.###
* #.# ,
#.####.#
#......# ,
#####..# *
#..# * #..#
, *
.######..#


You could see Blork the orc (fast, ally target), an orc warrior (combustible), a
scorpion, an iguana (summoned), an orc, an endoplasm, a quokka (summoned), a
kobold and 2 friendly jackals.

Vanquished Creatures
  The ghost of JMMCWHIRT the Trooper, an amateur MiCK of Xom (D:3)
  2 phantoms (D:4)
  A hound (D:4)
  An orc priest (D:4)
  Terence (D:2)
  An iguana (D:4)
  4 adders
  An ufetubus (D:4)
  A worm (D:3)
  2 dart slugs (D:1)
  12 orcs
  3 endoplasms
  A giant cockroach (D:1)
  2 goblins (D:1)
  2 hobgoblins (D:1)
  7 ball pythons
  2 bats
  A frilled lizard (D:3)
  4 kobolds
  2 rats
51 creatures vanquished.

Vanquished Creatures (others)
  101 foxfires
101 creatures vanquished.

Grand Total: 152 creatures vanquished

Notes
Turn   | Place    | Note
-------+----------+-------------------------------------------
     0 | D:1      | hawla the Meteoran Fire Elementalist began the quest for
                  | the Orb.
     0 | D:1      | Reached XP level 1. HP: 14/14 MP: 5/5
    68 | D:2      | Noticed Terence
   161 | D:1      | Reached XP level 2. HP: 20/20 MP: 2/6
   365 | D:2      | Reached XP level 3. HP: 27/27 MP: 5/8
   368 | D:2      | Learned a level 2 spell: Scorch
   436 | D:2      | Killed Terence
   437 | D:2      | Reached skill level 1 in Fighting
   437 | D:2      | Reached XP level 4. HP: 35/35 MP: 0/10
   521 | D:3      | Reached XP level 5. HP: 26/40 MP: 1/11
   567 | D:3      | Found a snail-covered altar of Cheibriados.
   590 | D:3      | Reached skill level 5 in Fire Magic
   604 | D:3      | Found an opulent altar of Gozag.
   627 | D:3      | Found a runed translucent door.
   643 | D:3      | Noticed JMMCWHIRT's ghost (amateur MiCK)
   925 | D:3      | Killed JMMCWHIRT's ghost
   926 | D:3      | Reached XP level 6. HP: 6/48 MP: 0/14
   934 | D:3      | Learned a level 4 spell: Flame Wave
   973 | D:4      | Reached XP level 7. HP: 46/53 MP: 7/15
  1096 | D:4      | Reached skill level 5 in Conjurations
  1246 | D:4      | Noticed Blork the orc
  1258 | D:4      | Slain by an iguana

Illustrated notes

Levels and vault maps discovered:
D:1:      scummos_arrival_forest, layout_rooms, patterned_corridor
D:2:      layout_rooms, kennysheep_boxes, uniq_terence, uniq_crazy_yiuf_cottage
D:3:      layout_rooms, lemuel_doored_altar, grunt_gozag_breadcrumbs,
          gammafunk_ghost_grave
D:4:      layout_loops_ring, mainiacjoe_overflow_alcove_3, uniq_blork_the_orc

Skill      XL: |  1  2  3  4  5  6  7 |
---------------+----------------------+-----
Spellcasting   | 3 4 |  4.7
Fire Magic     | 4 5 |  5.7
Fighting       | 1 |  1.8
Conjurations   | 2 3 5 |  5.6
Dodging        | 3 |  3.2
Maces & Flails | |  0.8
Stealth        | |  1.4

Action                     |  1- 3 |  4- 6 |  7- 9 || total
---------------------------+-------+-------+-------++-------
  Melee: Unarmed           |    12 |       |       ||    12
         Mace              |       |    15 |    11 ||    26
   Cast: Foxfire           |    24 |    29 |     7 ||    60
         Scorch            |     2 |    16 |     8 ||    26
         Flame Wave        |       |       |     3 ||     3
    Use: Potion            |       |     2 |       ||     2
         Scroll            |       |       |     1 ||     1
 Armour: Robe              |     2 |     3 |     8 ||    13
  Dodge: Dodged            |     4 |    21 |    24 ||    49
